 Dungeon Crawl Stone Soup version 0.31-a0-161-gb58dd9be76 (webtiles) character file.

Game seed: 17684731306151920262

82 ragingrage the Firebug (level 4, -2/36 HPs)
             Began as a Naga Wanderer on June 12, 2023.
             Slain by an iguana (11 damage)
             ... on level 3 of the Dungeon.
             The game lasted 00:02:21 (2480 turns).

ragingrage the Firebug (Naga Wanderer)              Turns: 2480, Time: 00:02:21

Health: -2/36      AC:  3    Str: 12    XL:     4   Next: 43%
Magic:  0/5        EV:  8    Int: 16    God:
Gold:   146        SH:  3    Dex: 11    Spells: 2/5 levels left

rFire   . . .        k - +0 dagger
rCold   . . .        d - +0 buckler
rNeg    . . .        c - +0 robe
rPois   +            j - +0 helmet
rElec   .            (no cloak)
rCorr   .            (no gloves)
SInv    +            (no barding)
Will    .....        (no amulet)
Stlth   ++           (no ring)
HPRegen 0.26/turn    (no ring)
MPRegen 0.09/turn

%: no passive effects
@: very slow
A: AC +1, large, see invisible, deformed body, poison resistance, slowness 2,
spit poison 1, naga tail 1
a: Spit Poison


You were on level 3 of the Dungeon.
You visited 1 branch of the dungeon, and saw 3 of its levels.

You collected 146 gold pieces.

Inventory:

Hand Weapons
 a - a +0 sling
 k - a +0 dagger (weapon)
Missiles
 h - 3 poisoned darts
Armour
 c - a +0 robe (worn)
 d - a +0 buckler (worn)
 j - a +0 helmet (worn)
Scrolls
 b - 2 scrolls of fog
 e - 2 scrolls of amnesia {unknown}
 f - 2 scrolls of teleportation {unknown}
 g - a scroll of identify {unknown}
 l - a scroll of poison {unknown}
 m - a scroll of noise {unknown}
 n - a scroll of fear {unknown}
 p - a scroll of vulnerability {unknown}
Potions
 i - a potion of haste {unknown}
 o - a potion of brilliance {unknown}
 q - a potion of curing {unknown}


   Skills:
 + Level 1.9 Stealth
 - Level 1.0 Shields
 - Level 1.0 Spellcasting
 - Level 2.0 Necromancy
 + Level 5.6 Fire Magic
 - Level 2.0 Invocations


You had 2 spell levels left.
You knew the following spells:

 Your Spells              Type           Power      Damage    Failure   Level
a - Scorch                Fire           36%        2d7       4%          2
b - Foxfire               Conj/Fire      36%        2x1d5     11%         1

Your spell library contained the following spells:

 Spells                   Type           Power      Damage    Failure   Level
 Necrotise                Necr           28%        1d5       14%         1
 Vampiric Draining        Necr           7%         2d6       38%         3
 Sticky Flame             Conj/Fire      9%         2d3       71%         4
 Agony                    Necr           7%         N/A       98%         5


Dungeon Overview and Level Annotations

Branches:
Dungeon (3/15)

Altars:


Innate Abilities, Weirdness & Mutations

Your serpentine skin is tough. (AC +1)
You have supernaturally acute eyesight. (SInv)
Armour fits poorly on your strangely shaped body.
Your system is resistant to poisons. (rPois)
You cover ground very slowly.
You can spit poison.
You have a snake-like lower body.


Message History

The adder closely misses you.
You miss the adder. The adder bites you.
You hit the adder. You block the adder's attack.
You hit the adder. The adder completely misses you.
You block the adder's attack.
You closely miss the adder. You block the adder's attack.
You hit the adder.
You kill the adder!
You hit the ball python.
You kill the ball python!
The iguana closely misses you. x2
Things that are here:
an adder corpse; a bat corpse
Casting: Foxfire (safe; 11% risk of failure) Flames lash the iguana.
The iguana's fire resistance burns away.
The iguana bites you!
Unknown command.
Casting: Scorch (safe; 4% risk of failure) Flames lash the iguana.
The iguana is burned terribly!
The iguana bites you.
Unknown command.
Casting: Scorch (safe; 4% risk of failure)
You don't have enough magic to cast this spell.
Unknown command.
Casting: Scorch (safe; 4% risk of failure)
You don't have enough magic to cast this spell.
Unknown command.
You hit the iguana. The iguana bites you! The iguana completely misses you.
Casting: Foxfire (safe; 11% risk of failure)
Press: ? - help, Q - select action, (/) - cycle Dir - look around, f - activate You conjure some foxfire!
The iguana closely misses you.
You hit the iguana.
The foxfire hits the iguana but does no damage.
The iguana bites you!
* * * LOW HITPOINT WARNING * * *
You hit the iguana but do no damage. The iguana barely misses you.
You hit the iguana but do no damage. The iguana bites you!
You die...

........####### #........
#######.### #........
..........# #........
######....### #........ #
####..v§######........ #.#
#.####..§§....####.###
#...#..#.#####§...........
#...#...#.####.#.###.###
#.$[#.....†l@#..#
#.$.#..[#.#######.##.#
#...#..#.####..........#
#.# #.#### #.######.### #
#########.# ..#
#......#.##### #.#
####.......# .#
#<.........# ..
#####......# ...


You could see an iguana (combustible).

Vanquished Creatures
  5 adders
  A dart slug (D:2)
  4 bats
  5 endoplasms
  A giant cockroach (D:2)
  4 goblins
  3 hobgoblins
  2 jackals (D:3)
  4 ball pythons
  2 frilled lizards
  A kobold (D:1)
  4 rats
36 creatures vanquished.

Vanquished Creatures (others)
  65 foxfires
65 creatures vanquished.

Grand Total: 101 creatures vanquished

Notes
Turn   | Place    | Note
-------+----------+-------------------------------------------
     0 | D:1      | ragingrage the Naga Wanderer began the quest for the Orb.
     0 | D:1      | ragingrage set off with the following items: a +0 club, a
                  | scroll of fog, a +0 robe, a +0 buckler; and the following
                  | spells available to memorise: Scorch, Foxfire, Necrotise,
                  | Vampiric Draining, Sticky Flame.
     0 | D:1      | Reached XP level 1. HP: 15/15 MP: 2/2
    15 | D:1      | Learned a level 1 spell: Foxfire
   225 | D:1      | Reached XP level 2. HP: 16/22 MP: 0/3
  1357 | D:2      | Reached skill level 5 in Fire Magic
  1357 | D:2      | Reached XP level 3. HP: 28/28 MP: 0/4
  1856 | D:2      | Reached skill level 1 in Stealth
  1856 | D:2      | Reached XP level 4. HP: 36/36 MP: 1/5
  1927 | D:2      | Learned a level 2 spell: Scorch
  2480 | D:3      | Slain by an iguana

Illustrated notes

Levels and vault maps discovered:
D:1:      minmay_arrival_four_houses, layout_loops_ring, kennysheep_boxes
D:2:      minmay_chambers_of_ones, layout_basic
D:3:      minmay_spotlight, layout_basic

Skill      XL: |  1  2  3 |
---------------+----------+-----
Fire Magic     | 5 |  5.6
Stealth        | 1 |  1.9
Shields        | |  1.0
Spellcasting   | |  1.0
Necromancy     | |  2.0
Invocations    | |  2.0

Action                     |  1- 3 |  4- 6 || total
---------------------------+-------+-------++-------
  Melee: Club              |    20 |       ||    20
         Dagger            |    24 |    27 ||    51
   Cast: Foxfire           |    40 |     4 ||    44
         Scorch            |       |     7 ||     7
   Stab: Sleeping          |     1 |       ||     1
 Armour: Robe              |    19 |    11 ||    30
  Dodge: Dodged            |    19 |    14 ||    33
  Block: Buckler           |     9 |     7 ||    16

Table legend: (Time is in decaauts)
 A = Elapsed time spent in this place.
 B = Non-inter-level travel time spent in this place.
 C = Inter-level travel time spent in this place.
 D = Time resting spent in this place.
 E = Time spent auto-exploring this place.
 F = Levels seen in this place.
 G = Mean time per level.
                   A        B        C        D        E       F      G
               +--------+--------+--------+--------+--------+-----+--------+
         Total |   3043 |   2937 |    106 |    537 |   1983 |   3 | 1014.3 |
       Dungeon |   3043 |   2937 |    106 |    537 |   1983 |   3 | 1014.3 |
               +--------+--------+--------+--------+--------+-----+--------+

Top non-repeatable levels by time:
     D:1: 1374 daAuts
     D:2: 1227 daAuts
     D:3: 441 daAuts
